 Dungeon Crawl Stone Soup version 0.21.1-1-g345015f (webtiles) character file.

86 suicidejoker the Charlatan (level 4, -1/29 HPs)
             Began as an Octopode Artificer on Mar 25, 2018.
             Slain by an adder (2 damage)
             ... on level 2 of the Dungeon on Mar 26, 2018.
             The game lasted 00:05:56 (1620 turns).

suicidejoker the Charlatan (Octopode Artificer)     Turns: 1620, Time: 00:05:57

Health: -1/29      AC:  1    Str: 16    XL:     4   Next: 50%
Magic:  7/7        EV: 14    Int: 13    God:
Gold:   42         SH:  0    Dex: 13    Spells: 3/3 levels left

rFire    . . .     SeeInvis +   a - +0 short sword
rCold    . . .     Gourm    .   (no shield)
rNeg     . . .     Faith    .   (helmet restricted)
rPois    .         Spirit   .   (no amulet)
rElec    .         Reflect  .   m - ring of see invisible
rCorr    .         Harm     .   (no ring)
MR       .....                  (no ring)
Stlth    +++.......             (no ring)
HPRegen  0.09/turn              (no ring)
MPRegen  0.10/turn              (no ring)
                                (no ring)
                                (no ring)

@: mighty
A: almost no armour, stealthy swim, amphibious, 8 rings, constrict 8, camouflage
1, gelatinous body 1
a: no special abilities


You were on level 2 of the Dungeon.
You were not hungry.

You visited 1 branch of the dungeon, and saw 2 of its levels.

You collected 42 gold pieces.

Inventory:

Hand Weapons
 a - a +0 short sword (weapon)
 b - a +1 dagger of venom
 l - a cursed -3 whip
 n - a +2 dagger of protection
Jewellery
 m - a ring of see invisible (left tentacle)
Wands
 c - a wand of enslavement (20)
Scrolls
 e - a scroll of immolation {unknown}
 h - a scroll of teleportation {unknown}
 j - a scroll of magic mapping {unknown}
 k - a scroll of amnesia {unknown}
 o - 5 scrolls of identify {unknown}
Potions
 i - a potion of lignification {unknown}
 p - a potion of might (quivered)
 q - a potion of curing {unknown}
Comestibles
 f - 3 rations


   Skills:
 + Level 1.8 Fighting
 + Level 1.7 Short Blades
 + Level 2.5 Dodging
 + Level 2.7 Stealth
 * Level 4.3 Evocations


You had 3 spell levels left.
You didn't know any spells.

Dungeon Overview and Level Annotations

Branches:
Dungeon (2/15)

Altars:


Innate Abilities, Weirdness & Mutations

You cannot wear most types of armour.
You are very stealthy in the water. (Stealth+)
You are amphibious.
You can wear up to eight rings at the same time.
You can use your tentacles to constrict eight enemies at once.
Your skin changes colour to match your surroundings (Stealth+).
Your rubbery body absorbs attacks. (AC +1, EV +1)


Message History

You feel very mighty all of a sudden.
You constrict the jackal. The jackal closely misses you.
You puncture the jackal!
You kill the jackal!
The kobold throws a stone.
The stone hits you but does no damage.
You puncture the leopard gecko!
You kill the leopard gecko!
The kobold throws a stone.
The stone barely misses you.
You hit the adder. Your grab misses the adder.
The adder is lightly wounded.
The adder misses you.
You hit the adder. Your grab misses the adder. Your squeeze misses the adder.
The adder is severely wounded.
The adder barely misses you.
You miss the adder. You grab the adder. Your squeeze misses the adder.
The adder is severely wounded.
You constrict the adder. The adder bites you.
* * * LOW HITPOINT WARNING * * *
The adder bites you.
You die...

.... r... [.. ... .. ..#
###.+#..# #####
.?##......###########...#
....................+...'
.......Kr.#######.###...#
..######S## #.###...#
#@†# #.......# ##(##
#.....### #..# ###.....#
#####.## #.......###
#......# #..........
#.....(# #.......)..
#......###..........
###.....##..........
#.....####'#######


You could see an adder, a kobold and a rat.

Vanquished Creatures
  An adder (D:2)
  An ooze (D:1)
  A worm (D:2)
  2 dart slugs (D:1)
  3 leopard geckos
  2 bats (D:1)
  5 giant cockroaches
  3 hobgoblins
  11 jackals
  5 frilled lizards
  8 goblins
  5 kobolds
  7 rats
54 creatures vanquished.

Vanquished Creatures (collateral kills)
  A bat (D:2)
  3 jackals (D:2)
4 creatures vanquished.

Vanquished Creatures (others)
  4 toadstools (D:1)
4 creatures vanquished.

Grand Total: 62 creatures vanquished

Notes
Turn   | Place    | Note
-------+----------+-------------------------------------------
     0 | D:1      | suicidejoker the Octopode Artificer began the quest for the Orb.
     0 | D:1      | Reached XP level 1. HP: 13/13 MP: 3/3
    32 | D:1      | Reached XP level 2. HP: 8/18 MP: 4/4
   460 | D:1      | Reached XP level 3. HP: 23/23 MP: 5/5
  1191 | D:2      | Reached skill level 4 in Evocations
  1245 | D:2      | HP: 1/23 [rat (3)]
  1288 | D:2      | Reached XP level 4. HP: 10/29 MP: 7/7
  1620 | D:2      | HP: 1/29 [adder (2)]
  1620 | D:2      | Slain by an adder

Skill      XL: |  1  2  3 |
---------------+----------+-----
Stealth        | 2 |  2.7
Evocations     | 4 |  4.3
Fighting       | |  1.8
Short Blades   | |  1.7
Dodging        | |  2.5

Action                   |  1- 3 |  4- 6 || total
-------------------------+-------+-------++-------
Melee: Short sword       |    51 |    42 ||    93
       Constrict         |    16 |    13 ||    29
       Tentacles         |    13 |     4 ||    17
Evoke: Wand              |    34 |     2 ||    36
  Use: Potion            |     1 |     1 ||     2
 Stab: Sleeping          |     1 |       ||     1
  Eat: Chunk             |       |     2 ||     2
Armor: Skin              |     2 |     1 ||     3
Dodge: Dodged            |    33 |    32 ||    65
